 Dungeon Crawl Stone Soup version 0.29-a0-802-g34511f41fd (webtiles) character file.

Game seed: 5445038147618747294

3626 kevlar127 the Grappler (level 9, 0/93 HPs)
             Began as a Troll Berserker on July 3, 2022.
             Was an Elder of Trog.
             Killed from afar by an orc wizard (6 damage)
             ... with a puff of flame
             ... on level 8 of the Dungeon.
             The game lasted 00:18:57 (6914 turns).

kevlar127 the Grappler (Troll Berserker)            Turns: 6914, Time: 00:19:00

Health: 0/93       AC:  6    Str: 31    XL:     9   Next: 87%
Magic:  8/8        EV: 10    Int:  3    God:    Trog [****..]
Gold:   326        SH:  0    Dex:  9    Spells: 8/8 levels left

rFire   . . .      SeeInvis .     - Unarmed
rCold   . . .      Faith    .   (no shield)
rNeg    + . .      Spirit   .   E - +2 robe {rN+}
rPois   .          Reflect  .   (helmet restricted)
rElec   .          Harm     .   (no cloak)
rCorr   .          Rampage  .   (gloves unavailable)
Will    ++...                   (boots unavailable)
Stlth   +.........              (no amulet)
HPRegen 2.05/turn               j - ring of flight
MPRegen 0.11/turn               (no ring)

@: strong-willed, flying, regenerating
A: large, unfitting armour, claws 3, regeneration 1, shaggy fur 1, tough skin 1
a: Renounce Religion, Berserk, Trog's Hand, Brothers in Arms


You were on level 8 of the Dungeon.
You worshipped Trog.
Trog was greatly pleased with you.
You visited 1 branch of the dungeon, and saw 8 of its levels.

You collected 326 gold pieces.

Inventory:

Missiles
 a - a curare-tipped dart
 c - 73 stones
 g - 12 boomerangs (quivered)
 q - 22 poisoned darts
 z - a throwing net
Armour
 E - a +2 robe of positive energy (worn)
Jewellery
 j - a ring of flight (left claw)
 B - an amulet of magic regeneration
Wands
 p - a wand of quicksilver (13)
 x - a wand of mindburst (13)
Scrolls
 b - a scroll of vulnerability {unknown}
 d - 2 scrolls of enchant weapon {unknown}
 e - 6 scrolls of identify {unknown}
 f - a scroll of enchant armour {unknown}
 i - 5 scrolls of blinking {unknown}
 l - a scroll of teleportation {unknown}
 s - 2 scrolls of amnesia {unknown}
 t - a scroll of fear {unknown}
 v - 3 scrolls of immolation {unknown}
 w - a scroll of magic mapping {unknown}
 y - a scroll of poison {unknown}
 F - a scroll of brand weapon {unknown}
Potions
 h - 2 potions of berserk rage {unknown}
 k - 4 potions of curing {unknown}
 m - 2 potions of resistance
 n - a potion of mutation {unknown}
 o - a potion of invisibility {unknown}
 r - a potion of might {unknown}
 u - a potion of heal wounds {unknown}
 A - a potion of flight {unknown}
 C - a potion of lignification {unknown}
 D - a potion of brilliance {unknown}
 G - 3 potions of degeneration {unknown}
 H - a potion of magic {unknown}


   Skills:
 + Level 7.4 Fighting
 + Level 5.8 Throwing
 - Level 3.0 Dodging
 + Level 8.9 Unarmed Combat
 + Level 2.7 Evocations


You had 8 spell levels left.
You didn't know any spells.
Your spell library was empty.

Dungeon Overview and Level Annotations

Branches:
Dungeon (8/15)             Temple (0/1) D:5            Lair (0/6) D:8

Altars:
Dithmenos
Kikubaaqudgha
Trog
The Shining One

Shops:
D:1 [   D:6 !

Annotations:
D:8 1 runed translucent door


Innate Abilities, Weirdness & Mutations

You are too large for most types of armour.
You have claws for hands.
Your natural rate of healing is unusually fast.
You are covered in fur. (AC +1)
You have tough skin. (AC +1)


Message History

An orc wizard appears from thin air!
Reactivating autopickup.
You see here a +1 short sword of venom.
Unknown command.
You barely miss the orc warrior.
The orc warrior is severely wounded.
The orc warrior hits you with a +1 scimitar of holy wrath!
* * * LOW HITPOINT WARNING * * *
The orc priest looks encouraged for a moment.
You completely miss the orc warrior.
The orc warrior is severely wounded.
The orc warrior hits you with a +1 scimitar of holy wrath!
* * * LOW HITPOINT WARNING * * *
Unknown command.
You barely miss the orc warrior. Your claw misses the orc warrior.
The orc warrior is severely wounded.
The orc warrior misses you.
You closely miss the orc warrior.
The orc warrior is severely wounded.
You hear the creaking of a distant portcullis.
The orc warrior misses you.
Unknown command.
You closely miss the orc warrior.
The orc warrior is severely wounded.
You barely miss the orc warrior.
The orc warrior is severely wounded.
The orc warrior barely misses you.
You barely miss the orc warrior. Your claw misses the orc warrior.
The orc warrior is severely wounded.
The orc warrior hits you with a +1 scimitar of holy wrath!
* * * LOW HITPOINT WARNING * * *
Unknown command.
You mangle the orc warrior!!
You kill the orc warrior!
Trog accepts your kill.
You hear some strange, mumbled words.
A puff of flame appears from out of thin air!
Deactivating autopickup; reactivate with Ctrl-A.
The puff of flame hits you.
You die...

#.......################.......##
...........[...................##
..#######################......##
.................# ##.###.##
................ ..# .##
.#####...>.oo##### ## ##
.'...+......oo){.# #
.#####.......###)# # .#
#.......o.#@# # ## #.........#.#
#....{....#.# ##..h..#..#.#
#.....#[.#.# #.K...#....#
######..#### ... .........# ...
#######..#


There were no monsters in sight!

Vanquished Creatures
  A wyvern (D:7)
  A warg (D:8)
  2 water moccasins
  Duvessa (D:7)
  3 orc warriors (D:8)
  2 black bears (D:5)
  2 ice beasts
  An ogre (D:6)
  5 centaurs
  2 phantoms
  2 kobold brigands
  2 bullfrogs
  3 scorpions
  A necrophage (D:5)
  11 wights (D:6)
  Dowan (D:7)
  A howler monkey (D:7)
  2 jellies
  3 orc priests (D:7)
  A gnoll bouda (D:7)
  Jessica (D:2)
  Terence (D:2)
  3 iguanas
  4 orc wizards
  13 gnolls
  6 adders
  A dart slug (D:4)
  A worm (D:2)
  15 orcs
  9 ball pythons
  4 bats
  3 bat zombies (D:3)
  4 endoplasms
  5 giant cockroaches
  16 goblins
  8 hobgoblins
  10 kobolds
  5 quokkas
  4 frilled lizards
  16 rats
  A rat zombie (D:3)
177 creatures vanquished.

Notes
Turn   | Place    | Note
-------+----------+-------------------------------------------
     0 | D:1      | kevlar127 the Troll Berserker began the quest for the Orb.
     0 | D:1      | Reached XP level 1. HP: 22/22 MP: 0/0
    26 | D:1      | Found Deoth's Armour Emporium.
    77 | D:1      | Reached XP level 2. HP: 29/29 MP: 1/1
   282 | D:1      | Found a faded altar of an unknown god.
   441 | D:1      | Reached ** piety under Trog
   461 | D:1      | Reached XP level 3. HP: 36/36 MP: 2/2
  1093 | D:2      | Noticed Jessica
  1102 | D:2      | Killed Jessica
  1103 | D:2      | Reached XP level 4. HP: 38/45 MP: 3/3
  1164 | D:2      | Reached skill level 4 in Unarmed Combat
  1181 | D:2      | Noticed Terence
  1187 | D:2      | Killed Terence
  1682 | D:3      | Reached XP level 5. HP: 53/53 MP: 4/4
  1895 | D:3      | Reached *** piety under Trog
  2104 | D:3      | Found an ancient bone altar of Kikubaaqudgha.
  2181 | D:3      | Found a glowing golden altar of the Shining One.
  3041 | D:4      | Noticed a phantom
  3047 | D:4      | Killed a phantom
  3048 | D:4      | Reached skill level 5 in Unarmed Combat
  3048 | D:4      | Reached XP level 6. HP: 58/62 MP: 5/5
  3123 | D:5      | Entered Level 5 of the Dungeon
  3210 | D:5      | Found a staircase to the Ecumenical Temple.
  3957 | D:5      | Reached XP level 7. HP: 71/71 MP: 6/6
  3982 | D:5      | Reached skill level 5 in Fighting
  3982 | D:5      | Reached skill level 1 in Throwing
  3982 | D:5      | Reached skill level 6 in Unarmed Combat
  4106 | D:5      | Found a bloodstained altar of Trog.
  4165 | D:5      | Reached XP level 8. HP: 55/81 MP: 7/7
  4713 | D:6      | Reached skill level 7 in Unarmed Combat
  4884 | D:6      | Found Redwemuh's Distillery.
  5289 | D:6      | Reached skill level 8 in Unarmed Combat
  5289 | D:6      | Reached XP level 9. HP: 86/90 MP: 8/8
  5509 | D:7      | Reached skill level 1 in Evocations
  5589 | D:7      | Reached skill level 5 in Throwing
  5624 | D:7      | Noticed Duvessa
  5624 | D:7      | Noticed Dowan
  5636 | D:7      | Killed Duvessa
  5642 | D:7      | Killed Dowan
  5727 | D:7      | Reached **** piety under Trog
  6008 | D:7      | Found a shadowy altar of Dithmenos.
  6548 | D:8      | Found a runed translucent door.
  6865 | D:8      | Found a staircase to the Lair.
  6912 | D:8      | HP: 3/93 [orc warrior/+1 scimitar of holy wrath (13)]
  6914 | D:8      | Killed from afar by an orc wizard

Illustrated notes

Levels and vault maps discovered:
D:1:      kennysheep_arrival_forest, layout_basic, serial_shops, shop,
          shapermc_ecumenical_altar_notcrosses, interstate_on_off,
          chequers_serial_rivers_micro_e, minmay_misc_feat_four_crosses,
          minmay_rat_gold_closets
D:2:      layout_basic, uniq_terence, uniq_jessica
D:3:      layout_basic, lemuel_zombie_altar_kikubaaqudgha, pf_just_have_faith
D:4:      layout_basic
D:5:      layout_cave_pods, trog_ov_bears_minmay, minmay_temple_entry_tees
D:6:      layout_rooms, serial_shops, nicolae_shop_advertising_works
          [nicolae_subvault_shop_adworks], chequers_mini_garden
D:7:      layout_basic, nicolae_dithmenos_through_a_glass_darkly, uniq_duvessa
D:8:      layout_basic, vehumet_altar_wand_db, erik_lair_orcish_takeover,
          hellmonk_ghost_happy_afterlife, enter_bailey_8, serial_shops,
          nicolae_shop_competitors_out_of_business

Skill      XL: |  1  2  3  4  5  6  7  8  9 |
---------------+----------------------------+-----
Fighting       | 3 4 5 6 7 |  7.4
Dodging        | 3 |  3.0
Unarmed Combat | 4 5 6 8 |  8.9
Throwing       | 2 4 5 |  5.8
Evocations     | 2 |  2.7

Action                   |  1- 3 |  4- 6 |  7- 9 || total
-------------------------+-------+-------+-------++-------
Melee: Unarmed           |    99 |   160 |   214 ||   473
       Punch             |     4 |     2 |    12 ||    18
Throw: Boomerang         |       |       |    21 ||    21
Invok: Trog's Hand       |       |     2 |     6 ||     8
       Berserk           |       |       |     1 ||     1
 Stab: Distracted        |     1 |       |       ||     1
Armor: Animal skin       |    30 |    49 |    23 ||   102
       Robe              |       |       |    19 ||    19
Dodge: Dodged            |    57 |    90 |   111 ||   258

Table legend: (Time is in decaauts)
 A = Elapsed time spent in this place.
 B = Non-inter-level travel time spent in this place.
 C = Inter-level travel time spent in this place.
 D = Time resting spent in this place.
 E = Time spent auto-exploring this place.
 F = Levels seen in this place.
 G = Mean time per level.
                   A        B        C        D        E       F      G
               +--------+--------+--------+--------+--------+-----+--------+
         Total |   6874 |   6701 |    173 |    648 |   4927 |   8 |  859.2 |
       Dungeon |   6874 |   6701 |    173 |    648 |   4927 |   8 |  859.2 |
               +--------+--------+--------+--------+--------+-----+--------+

Top non-repeatable levels by time:
     D:5: 1292 daAuts
     D:7: 1188 daAuts
     D:4: 1093 daAuts
     D:1: 895 daAuts
     D:3: 814 daAuts
     D:6: 669 daAuts
     D:2: 562 daAuts
     D:8: 358 daAuts
